Map: Lost and Found LE

Players

Elazer - Winner!

  • Race: Zerg Zerg
  • Spawn Location: 7:00

Namshar

  • Race: Zerg Zerg
  • Spawn Location: 1:00

Event: WCS Austin 2018

VOD

Have the link to the VOD?

Description

Time

  • Played on: June 1, 2018, 6:38 p.m.
  • Length: 12:36

All games in this series

Show
View Real Time Build Order
Export as new Build Order

Elazer Zerg - Winner!

Build Orders: Hatch First, Lurkers 

Get SALT Encoding   

  12  0:00  Drone  
  13  0:12  Overlord  
  13  0:16  Drone  
  14  0:30  Drone x2  
  16  0:46  Hatchery  
  15  0:50  Drone  
  15  0:54  Drone  
  17  0:57  Drone  
  18  1:07  Extractor  
  17  1:13  Spawning Pool  
  17  1:15  Drone  
  17  1:19  Drone  
  18  1:27  Drone  
  19  1:38  Drone  
  20  1:49  Drone  
  21  1:59  Overlord  
  21  2:00  Queen x2  
  25  2:01  Drone  
  25  2:08  Metabolic Boost  
  26  2:10  Drone, Zergling x2  
  28  2:20  Drone  
  28  2:21  Drone  
  30  2:31  Zergling x2  
  30  2:32  Zergling x2  
  32  2:37  Hatchery  
  32  2:42  Baneling Nest  
  30  2:47  Overlord  
  30  2:50  Drone  
  31  2:53  Drone  
  31  2:54  Drone  
  33  3:03  Drone  
  33  3:05  Drone  
  35  3:10  Drone x4  
  35  3:11  Drone  
  40  3:14  Overlord  
  40  3:19  Drone x2  
  42  3:23  Evolution Chamber  
  41  3:28  Drone  
  41  3:29  Drone  
  43  3:40  Overlord  
  43  3:42  Drone x2  
  43  3:43  Drone  
  43  3:44  Queen  
  43  3:46  Overlord  
  47  3:49  Zergling x4  
  47  3:52  Zerg Missile Weapons Level 1  
  49  3:55  Drone x3  
  49  3:59  Baneling  
  49  4:00  Overlord  
  49  4:02  Drone  
  53  4:06  Drone  
  53  4:07  Drone  
  55  4:10  Drone  
  56  4:17  Drone x6  
  56  4:20  Drone  
  56  4:22  Lair  
  63  4:26  Overlord  
  63  4:27  Drone, Extractor x2  
  63  4:30  Drone  
  63  4:32  Drone x2  
  65  4:42  Overlord  
  65  4:43  Drone x2  
  65  4:44  Roach Warren  
  65  4:47  Extractor  
  65  4:49  Drone x5  
  69  4:53  Overlord  
  69  4:54  Drone x4  
  69  4:56  Pneumatized Carapace  
  69  4:57  Overlord  
  69  4:59  Extractor  
  72  5:00  Drone  
  73  5:15  Hatchery  
  73  5:16  Overlord  
  71  5:22  Overlord  
  71  5:24  Glial Reconstitution  
  71  5:25  Roach x6  
  83  5:31  Roach  
  83  5:32  Roach x2  
  89  5:35  Baneling  
  89  5:38  Roach x2  
  89  5:42  Overlord  
  93  5:43  Roach  
  93  5:44  Roach x2  
  93  5:46  Roach  
  93  5:47  Roach  
  103  5:54  Overlord  
  103  5:57  Overlord  
  103  5:59  Overlord, Zerg Missile Weapons Level 2  
  103  6:01  Roach  
  103  6:03  Roach x2  
  109  6:06  Roach  
  109  6:08  Roach  
  109  6:09  Drone x6  
  119  6:12  Roach  
  121  6:22  Roach x2  
  121  6:24  Overlord  
  125  6:29  Roach x7  
  139  6:33  Roach x4  
  139  6:38  Overlord  
  147  6:41  Extractor  
  147  6:42  Drone x2  
  147  6:43  Hydralisk Den  
  147  6:46  Drone  
  148  6:47  Roach  
  148  6:50  Overlord  
  148  6:52  Roach  
  152  6:55  Roach x4  
  152  6:58  Overlord  
  160  7:02  Roach x5  
  170  7:12  Overlord  
  170  7:13  Roach x6  
  182  7:19  Grooved Spines  
  182  7:22  Overlord  
  180  7:31  Overlord  
  180  7:33  Hydralisk x5  
  170  7:48  Roach  
  170  7:49  Roach x9  
  180  7:53  Roach  
  180  7:54  Roach x2  
  170  8:03  Roach  
  170  8:04  Roach x3  
  150  8:13  Hydralisk x3  
  150  8:18  Extractor  
  150  8:19  Drone x3  
  152  8:20  Lurker Den  
  145  8:34  Overlord, Zerg Ground Armor Level 1  
  139  8:36  Muscular Augments  
  139  8:37  Roach x2  
  143  8:42  Roach x3  
  143  8:46  Roach x4  
  157  8:51  Roach x4  
  165  8:58  Roach x5  
  177  9:10  Roach x9  
  193  9:23  Roach  
  193  9:24  Roach x7  
  193  9:39  Hatchery, Infestation Pit  
  193  9:41  Roach  
  193  9:42  Roach x4  
  191  9:47  Roach x4  
  181  10:12  Lurker x6  
  181  10:13  Roach x2  
  181  10:14  Roach  
  165  10:18  Roach x4  
  173  10:21  Extractor  
  173  10:22  Drone x2  
  173  10:23  Drone  
  173  10:24  Roach  
  173  10:25  Roach x3  
  183  10:31  Roach x5  
  174  10:53  Hydralisk x9  
  177  10:58  Roach x4  
  166  11:05  Roach x5  
  166  11:06  Roach  
  152  11:18  Roach x11  
  163  11:23  Roach x4  
  167  11:29  Roach  
  167  11:30  Roach x5  
  179  11:35  Lurker  
  179  11:38  Roach x3  
  186  11:46  Roach x7  
  200  11:53  Overseer  
  192  12:17  Roach x8  
Show
View Real Time Build Order
Export as new Build Order

Namshar Zerg 

Build Orders: Hatch First 

Get SALT Encoding   

  12  0:00  Drone  
  13  0:12  Overlord  
  13  0:17  Drone  
  14  0:30  Drone x2  
  14  0:34  Drone  
  17  0:51  Hatchery  
  17  0:53  Drone  
  18  0:57  Drone  
  18  1:07  Extractor  
  17  1:11  Spawning Pool  
  17  1:14  Drone  
  17  1:18  Drone  
  18  1:27  Drone  
  19  1:40  Overlord  
  19  1:49  Drone  
  20  1:58  Queen  
  20  2:01  Zergling x2  
  23  2:02  Queen  
  23  2:03  Zergling x2  
  23  2:07  Metabolic Boost  
  26  2:11  Drone  
  26  2:14  Drone  
  28  2:21  Drone  
  29  2:26  Drone  
  30  2:33  Hatchery  
  30  2:35  Drone  
  30  2:44  Baneling Nest  
  30  2:47  Drone  
  30  2:48  Overlord  
  30  2:52  Drone  
  30  2:54  Drone  
  30  2:58  Drone  
  34  3:05  Zergling x2  
  34  3:07  Drone x3  
  37  3:13  Queen  
  37  3:16  Overlord  
  37  3:19  Zergling x2  
  40  3:21  Drone  
  40  3:25  Drone  
  40  3:26  Drone  
  43  3:29  Drone  
  44  3:39  Overlord  
  44  3:40  Drone x2  
  44  3:41  Drone x2  
  47  3:43  Evolution Chamber  
  47  3:46  Drone x3  
  50  3:52  Overlord  
  50  3:54  Zergling x2  
  50  3:55  Drone  
  52  3:56  Baneling x2  
  52  3:58  Drone x2  
  54  4:05  Drone  
  55  4:10  Zerg Missile Weapons Level 1  
  55  4:12  Drone x5  
  59  4:20  Overlord  
  59  4:21  Extractor  
  59  4:22  Drone x6, Extractor  
  63  4:29  Overlord  
  63  4:33  Drone x3  
  63  4:35  Lair  
  63  4:37  Drone  
  66  4:42  Spore Crawler  
  65  4:45  Baneling  
  65  4:47  Drone x5  
  65  4:49  Overlord  
  65  4:51  Drone x3  
  74  4:54  Extractor x2  
  74  4:57  Roach Warren  
  74  4:58  Drone x5  
  76  5:02  Zergling x2  
  77  5:12  Drone, Extractor  
  77  5:14  Baneling  
  77  5:21  Drone x2  
  78  5:22  Overlord x2, Pneumatized Carapace  
  78  5:28  Drone  
  79  5:30  Overlord  
  79  5:36  Glial Reconstitution  
  79  5:37  Evolution Chamber, Hatchery  
  79  5:40  Roach x9  
  95  5:45  Overlord  
  95  5:51  Roach x3  
  95  5:52  Overseer  
  100  6:00  Roach x3  
  100  6:01  Roach  
  100  6:04  Zerg Ground Armor Level 1  
  108  6:06  Roach x4  
  117  6:11  Roach x3  
  121  6:19  Roach x3  
  121  6:23  Overlord x2  
  127  6:42  Overlord x3  
  127  6:43  Overseer  
  127  6:44  Zerg Missile Weapons Level 2  
  127  6:45  Roach x7  
  141  6:51  Queen  
  143  6:54  Roach  
  143  6:55  Roach x3  
  143  6:56  Overlord x2  
  151  7:02  Ravager x3  
  151  7:03  Roach  
  151  7:05  Roach  
  158  7:12  Roach x3  
  165  7:16  Ravager  
  165  7:19  Roach x2  
  165  7:20  Roach  
  167  7:32  Roach x9  
  154  7:49  Roach x5  
  154  7:57  Roach x2  
  131  8:09  Queen  
  131  8:10  Drone x4  
  131  8:11  Drone x4  
  131  8:14  Roach x4  
  135  8:21  Roach  
  135  8:22  Roach  
  137  8:28  Drone x2  
  137  8:30  Roach x3  
  137  8:33  Roach x2  
  145  8:36  Drone x3  
  145  8:40  Roach  
  145  8:41  Roach  
  152  8:46  Queen  
  154  8:51  Overlord x2  
  154  8:52  Roach  
  154  8:53  Roach x4  
  164  9:02  Ravager  
  165  9:03  Roach x5  
  165  9:07  Overlord x2  
  175  9:14  Roach x3  
  171  9:28  Roach x7  
  185  9:38  Hatchery, Overlord x3  
  181  9:39  Overlord  
  181  9:47  Overlord  
  177  10:00  Roach x3  
  177  10:01  Roach x5  
  178  10:12  Roach x5  
  178  10:13  Queen  
  163  10:14  Drone  
  163  10:17  Ravager  
  163  10:18  Ravager x3  
  163  10:20  Ravager x2  
  170  10:22  Roach  
  170  10:23  Roach  
  170  10:26  Roach x3  
  180  10:33  Roach x3  
  186  10:38  Roach x3  
  168  10:50  Roach  
  168  10:51  Roach x4  
  131  11:07  Roach x8  
  120  11:13  Roach  
  120  11:14  Roach x2  
  116  11:23  Roach x4  
  124  11:26  Queen  
  124  11:30  Roach x2  
  130  11:33  Roach x2  
  130  11:39  Roach  
  136  11:42  Ravager x2  
  136  11:43  Roach x2  
  136  11:46  Roach  
  144  11:51  Roach x2  
  148  11:56  Roach  
  148  11:57  Roach x6  
  164  12:01  Roach x2  
  170  12:08  Roach x2  
  160  12:17  Roach  
Tags
 
Add a new tag
Caveats
  • Supply blocks, unpowered buildings, or Contaminate may cause inaccurate times.
  • Supply counts are checked every 10 seconds.